 Dungeon Crawl Stone Soup version bcrawl-1.19.2-6-g6a88ae04c9 (webtiles) character file.

Game seed: 6838962817510146687

10199 Mrkan the Cleaver (level 11, -5/150 HPs)
             Began as a Minotaur Fighter on Jan 2, 2020.
             Was the Champion of Okawaru.
             Slain by a 13-headed hydra (6 damage)
             ... on level 1 of the Lair of Beasts.
             The game lasted 00:13:30 (10337 turns).

Mrkan the Cleaver (Minotaur Fighter)               Turns: 10337, Time: 00:13:31

Health: -5/150     AC: 25    Str: 21    XL:     11   Next: 33%
Magic:  10/10      EV:  2    Int:  5    God:    Okawaru [******]
Gold:   900        SH: 19    Dex: 13    Spells: 10/10 levels left

rFire    + . .     SeeInvis .   a - +1 war axe
rCold    . . .     Gourm    .   H - +2 large shield
rNeg     + + +     Faith    .   (armour currently unavailable)
rPois    +         Spirit   .   (helmet currently unavailable)
rElec    .         Reflect  .   (cloak currently unavailable)
rCorr    .         Harm     .   (gloves currently unavailable)
MR       .....     NoTele   +   (boots currently unavailable)
Stlth    +.........             E - amulet of rage
HPRegen  0.35/turn              y - ring of poison resistance
MPRegen  0.12/turn              F - ring of protection from fire

@: tree-form
A: (retaliatory headbutt)
a: Heroism, Finesse, Renounce Religion, Evoke Berserk Rage


You were on level 1 of the Lair of Beasts.
You worshipped Okawaru.
Okawaru was exalted by your worship.
You were not hungry.
You were a tree.
You visited 2 branches of the dungeon, and saw 10 of its levels.

You collected 900 gold pieces.

Inventory:

Hand Weapons
 a - a +1 war axe (weapon)
 q - the cursed +1 hand crossbow "Riabety" {penet, MP+9 Str+4, unknown}
   (You found it on level 9 of the Dungeon)

   Ammo fired by it will pass through the targets it hits, potentially hitting
   all targets in its path until it reaches maximum range.
   It affects your strength (+4).
   It affects your magic capacity (+9).
   It has a curse placed upon it.
Missiles
 g - 2078 stones (quivered)
 r - a throwing net {!f}
Armour
 b - a +2 hat (melded)
 h - a +0 cloak (melded)
 j - a +0 pair of boots (melded)
 s - a +0 plate armour (melded)
 H - a +2 large shield (worn)
 I - the +1 pair of gloves of Gozag's Approval (melded) {rN++}
   (You found it on level 6 of the Dungeon)

   It greatly protects you from negative energy.
Jewellery
 l - an uncursed ring of protection from cold
 y - a ring of poison resistance (left branch)
 E - an amulet of rage (around neck)
 F - a ring of protection from fire (right branch)
Scrolls
 c - a scroll of fog {unknown}
 e - a scroll of immolation
 i - 4 scrolls of remove curse
 t - a scroll of vulnerability {unknown}
 v - 2 scrolls of magic mapping
 x - 2 scrolls of teleportation
 D - 2 scrolls of amnesia
Potions
 d - a potion of might
 k - 5 potions of heal wounds
 m - 3 potions of lignification
 n - a potion of mutation {unknown}
 p - 3 potions of flight
 u - 6 potions of curing
 w - 2 potions of magic {unknown}
 A - a potion of brilliance {unknown}
 B - a potion of agility {unknown}
 C - 2 potions of resistance {unknown}
Comestibles
 f - 18 rations {!d}


   Skills:
 + Level 10.3 Fighting
 * Level 13.3 Axes
 + Level 0.0 Throwing
 + Level 10.2 Armour
 + Level 10.2 Shields


You had 10 spell levels left.
You didn't know any spells.
Your spell library contained the following spells:

 Spells                   Type           Power        Failure   Level  Hunger
 Animate Skeleton         Necr           N/A          98%         1    ##.....
 Apportation              Tloc           #.....       98%         1    ##.....
 Infusion                 Chrm           #.......     98%         1    ##.....
 Magic Dart               Conj           #...         98%         1    ##.....
 Pain                     Necr           #.....       98%         1    ##.....
 Sandblast                Erth           #.....       98%         1    ##.....
 Slow                     Hex            #.......     98%         1    ##.....
 Summon Butterflies       Summ           #.......     98%         1    ##.....
 Ensorcelled Hibernation  Hex/Ice        #.....       99%         2    ###....
 Searing Ray              Conj           #.......     99%         2    ###....
 Iskenderun's Mystic Bla  Conj           #.......     100%        3    ####...
 Regeneration             Chrm/Necr      #.........   100%        3    ####...
 Vampiric Draining        Necr           #.........   100%        3    ####...
 Animate Dead             Necr           N/A          100%        4    #####..
 Fulminant Prism          Conj/Hex       #.........   100%        4    #####..
 Bolt of Draining         Conj/Necr      #.........   100%        5    ######.
 Irradiate                Conj/Tmut      #.........   100%        5    ######.
 Borgnjor's Vile Clutch   Necr/Erth      #.........   100%        6    #######
 Darkness                 Hex            #.........   100%        6    #######
 Infestation              Hex/Tmut/Pois  #........    100%        6    #######
 Shadow Creatures         Summ           N/A          100%        6    #######
 Time Stop                Chrm/Tloc      N/A          100%        8    #######


Dungeon Overview and Level Annotations

Branches:
Dungeon (9/12)             Temple (0/1) D:4            Lair (1/6) D:9
    Orc: D:8-11

Altars:
Ashenzari
Cheibriados
Dithmenos
Gozag
Hepliaklqana
Kikubaaqudgha
Okawaru
Qazlal
Ru
Trog
Wu Jian
Xom
Yredelemnul
Zin

Shops:
D:7 [


Innate Abilities, Weirdness & Mutations

((You reflexively headbutt those who attack you in melee.))
((You have a pair of horns on your head.))


Message History

The 12-headed hydra is heavily wounded.
You block the 12-headed hydra's attack. The 12-headed hydra bites you.
* * * LOW HITPOINT WARNING * * *
The 12-headed hydra bites you but does no damage.
You block the 12-headed hydra's attack.
The 12-headed hydra bites you but does no damage. x3
The 12-headed hydra bites you!
* * * LOW HITPOINT WARNING * * *
The 12-headed hydra bites you.
* * * LOW HITPOINT WARNING * * *
The 12-headed hydra bites you but does no damage.
The 12-headed hydra bites you.
* * * LOW HITPOINT WARNING * * *
The 12-headed hydra bites you but does no damage.
You slice one of the 12-headed hydra's heads off!
The 11-headed hydra grows two more!
You slice the 13-headed hydra!!
The 13-headed hydra is severely wounded.
The 13-headed hydra bites you but does no damage.
You block the 13-headed hydra's attack. x2; The 13-headed hydra bites you.
You die...

#. .## ##.. ..# ....
..####(.. ##.#. #..# ##
$S. ..##.# ##D# ##.....
.##.#.♣####...## .#
.........#......##..#
.####.................#
..............>....###.#
.........####.#...##
.........# #..#.##
........ #.##..#
#.......####..#)##
.#.##.P.#........#


You could see a 13-headed hydra and a water moccasin.

Vanquished Creatures
  A wolf spider zombie (D:9)
  An ugly thing (D:9)
  Joseph (D:7)
  2 trolls (D:9)
  6 hippogriffs
  15 yaks (D:9)
  A basilisk (D:9)
  A steam dragon (D:9)
  2 crocodiles (D:9)
  3 porcupines (D:9)
  6 orc warriors
  2 sky beasts
  A black bear (D:7)
  2 ice beasts (D:9)
  7 ogres
  4 centaurs
  A big kobold (D:7)
  7 bullfrogs
  A wyvern skeleton (D:9)
  3 scorpions
  4 killer bees (D:8)
  2 howler monkeys
  14 wights
  4 crimson imps
  3 orc priests
  6 hounds
  2 jellies
  A bullfrog zombie (D:7)
  A centaur skeleton (D:3)
  5 iguanas
  9 orc wizards
  4 worker ants
  6 adders
  A howler monkey skeleton (D:8)
  3 shadow imps
  2 oozes
  An adder zombie (D:7)
  2 adder skeletons
  3 worms
  A dart slug (D:3)
  3 leopard geckos
  28 orcs
  4 bats
  2 giant cockroaches
  8 goblins
  4 hobgoblins
  10 jackals (D:3)
  2 quokkas
  A ball python (D:3)
  A frilled lizard (D:3)
  13 kobolds
  A fungus (Lair:1)
218 creatures vanquished.

Vanquished Creatures (others)
  2 fungi (D:9)
  3 plants (D:9)
5 creatures vanquished.

Grand Total: 223 creatures vanquished

Notes
Turn   | Place    | Note
-------+----------+-------------------------------------------
     0 | D:1      | Mrkan the Minotaur Fighter began the quest for the Orb.
     0 | D:1      | Reached XP level 1. HP: 19/19 MP: 0/0
   366 | D:1      | Reached XP level 2. HP: 25/27 MP: 1/1
   426 | D:1      | Reached skill level 3 in Axes
  1124 | D:2      | Reached XP level 3. HP: 33/33 MP: 2/2
  1497 | D:2      | Found an iron altar of Okawaru.
  1512 | D:2      | Became a worshipper of Warmaster Okawaru
  1937 | D:3      | Found a faded altar of an unknown god.
  1955 | D:3      | Reached XP level 4. HP: 27/40 MP: 3/3
  2122 | D:3      | Reached skill level 4 in Axes
  2286 | D:3      | Reached XP level 5. HP: 47/47 MP: 4/4
  3167 | D:4      | Found a sacrificial altar of Ru.
  3239 | D:4      | Found a staircase to the Ecumenical Temple.
  3248 | D:4      | Reached skill level 5 in Axes
  3260 | D:4      | Reached * piety under Okawaru
  3260 | D:4      | Reached XP level 6. HP: 52/55 MP: 5/5
  3283 | D:4      | Reached skill level 5 in Fighting
  3283 | D:4      | Reached skill level 5 in Armour
  3283 | D:4      | Reached skill level 5 in Shields
  3790 | D:4      | Found an opulent altar of Gozag.
  3965 | D:5      | Entered Level 5 of the Dungeon
  4118 | D:5      | Noticed a sky beast
  4131 | D:5      | Killed a sky beast
  4131 | D:5      | Reached skill level 6 in Axes
  4131 | D:5      | Reached XP level 7. HP: 61/61 MP: 6/6
  4509 | D:5      | Reached ** piety under Okawaru
  4518 | D:5      | Found an ornate altar of the Wu Jian Council.
  4726 | D:6      | Got a pair of polished gloves
  5003 | D:6      | Identified the +1 pair of gloves of Gozag's Approval {rN++}
                  | (You found it on level 6 of the Dungeon)
  5055 | D:6      | Reached skill level 7 in Axes
  5225 | D:6      | Reached XP level 8. HP: 45/70 MP: 7/7
  5350 | D:6      | Found a sacrificial altar of Ru.
  5649 | D:7      | Reached *** piety under Okawaru
  5668 | D:7      | Noticed Joseph
  5668 | D:7      | Noticed a hippogriff
  5680 | D:7      | HP: 3/70 [Joseph/+0 quarterstaff (1)]
  5686 | D:7      | Found Yracoque's Armour Emporium.
  5717 | D:6      | HP: 3/70 [hippogriff (3)]
  5718 | D:6      | Killed a hippogriff
  5718 | D:6      | Reached skill level 8 in Axes
  6094 | D:7      | Killed Joseph
  6378 | D:7      | Noticed a hippogriff
  6385 | D:7      | Killed a hippogriff
  6385 | D:7      | Reached **** piety under Okawaru
  6385 | D:7      | Reached skill level 9 in Axes
  6389 | D:7      | Reached XP level 9. HP: 70/79 MP: 8/8
  6867 | D:7      | Reached skill level 10 in Axes
  6898 | D:7      | Found a hazy altar of Hepliaklqana.
  7151 | D:8      | Reached ***** piety under Okawaru
  7717 | D:8      | Reached skill level 11 in Axes
  7740 | D:8      | Reached XP level 10. HP: 90/90 MP: 9/9
  8079 | D:8      | Found a sacrificial altar of Ru.
  8080 | D:8      | Found a glowing silver altar of Zin.
  8173 | D:8      | Found a shimmering altar of Xom.
  8175 | D:8      | Found a snail-covered altar of Cheibriados.
  8175 | D:8      | Found an ancient bone altar of Kikubaaqudgha.
  8176 | D:8      | Found a basalt altar of Yredelemnul.
  8177 | D:8      | Found a shadowy altar of Dithmenos.
  8178 | D:8      | Found a bloodstained altar of Trog.
  8179 | D:8      | Found a stormy altar of Qazlal.
  8180 | D:8      | Found a shattered altar of Ashenzari.
  8816 | D:9      | Received a gift from Okawaru
  8851 | D:9      | Reached skill level 12 in Axes
  8934 | D:9      | Got a smoking hand crossbow
  9108 | D:9      | Found a staircase to the Lair.
  9342 | D:9      | Reached ****** piety under Okawaru
  9571 | D:9      | Reached XP level 11. HP: 87/99 MP: 10/10
  9683 | D:9      | Reached skill level 10 in Fighting
  9683 | D:9      | Reached skill level 10 in Armour
  9835 | D:9      | Reached skill level 10 in Shields
  9848 | D:9      | Reached skill level 13 in Axes
  9982 | D:9      | Noticed a green ugly thing
  9994 | D:9      | Killed a green ugly thing
 10285 | Lair:1   | Entered Level 1 of the Lair of Beasts
 10307 | Lair:1   | Noticed a five-headed hydra
 10336 | Lair:1   | HP: 6/150 [12-headed hydra (6)]
 10336 | Lair:1   | HP: 1/150 [12-headed hydra (5)]
 10337 | Lair:1   | Slain by a 13-headed hydra

Skill      XL: |  1  2  3  4  5  6  7  8  9 10 11 |
---------------+----------------------------------+-----
Axes           | 3 4 5 6 7 9 11 12 13 | 13.3
Armour         | 4 5 6 7 8 9 10 | 10.2
Fighting       | 4 5 6 7 8 9 10 | 10.3
Shields        | 4 5 6 7 8 9 10 | 10.2

Action                   |  1- 3 |  4- 6 |  7- 9 | 10-12 || total
-------------------------+-------+-------+-------+-------++-------
Melee: War axe           |   105 |   151 |   297 |   323 ||   876
       Headbutt          |    11 |    25 |    69 |    87 ||   192
Throw: Stone             |    14 |       |       |    13 ||    27
  Use: Scroll            |       |       |    14 |     1 ||    15
       Potion            |       |       |       |     2 ||     2
  Eat: Chunk             |     3 |     7 |    12 |     9 ||    31
Armor: Scale mail        |    11 |       |       |       ||    11
       Chain mail        |    67 |       |       |       ||    67
       Plate armour      |    21 |   101 |   237 |   176 ||   535
       Skin              |       |       |       |    39 ||    39
Dodge: Dodged            |    36 |    22 |    40 |    24 ||   122
Block: Shield            |    87 |    72 |    22 |       ||   181
       Large shield      |       |       |   291 |   351 ||   642
